[Event "Romanian-ch Women 2022"]
[Site "Eforie Nord"]
[Date "2022.02.26"]
[Round "8.3"]
[White "Cosma, Elena-Luminita"]
[Black "Lehaci, Miruna-Daria"]
[Result "0-1"]
[ECO "D02"]
[WhiteElo "2281"]
[BlackElo "2125"]
[Annotator "NA"]
[PlyCount "96"]
[EventDate "2022.02.20"]
[EventType "swiss"]
[EventCountry "ROU"]
[SourceTitle "playchess.com"]
[Source "ChessBase"]
[SourceQuality "1"]
[TimeControl "40/5400+30:900+30"]

1. Nf3 d5 2. d4 e6 3. g3 b6 4. Bg2 Bb7 5. O-O Nd7 6. c4 dxc4 7. Qa4 a6 8. Qxc4 b5 9. Qc2 c5 10. a4 Ngf6 11. Bg5 b4 12. dxc5 Bxc5 13. Bxf6 Qxf6 14. Nbd2 O-O 15. Ng5 Qxg5 16. Bxb7 Ra7 17. Bg2 Rc8 18. e3 Rac7 19. Qd3 a5 20. Rad1 Bf8 21. Ne4 Qe5 22. Qa6 Nb8 23. Qb5 Qxb2 24. Qxa5 Qc2 25. Qb5 Ra7 26. Nd6 Rd8 27. Rc1 Qxa4 28. Qxa4 Rxa4 29. Nb7 Re8 30. Rc4 Ra6 31. Rb1 Rb6 32. Na5 g6 33. h4 h5 34. Rc7 Na6 35. Ra7 Nc5 36. Nc4 Ra6 37. Rc7 b3 38. Bf1 Ra2 39. Kg2 Rb8 40. Kf3 b2 41. Be2 Na4 42. Ra7 Bg7 43. Bd1 Ra1 44. Bc2 Nb6 45. Rc7 Nd5 46. Rc5 Rxb1 47. Bxb1 Nc3 48. Nxb2 Nxb1 0-1

[Event "Romanian-ch Women 2022"]
[Site "Eforie Nord"]
[Date "2022.02.26"]
[Round "8.4"]
[White "Bulmaga, Irina"]
[Black "Baciu, Anca-Otilia"]
[Result "1-0"]
[ECO "B81"]
[WhiteElo "2390"]
[BlackElo "2014"]
[Annotator "NA"]
[PlyCount "113"]
[EventDate "2022.02.20"]
[EventType "swiss"]
[EventCountry "ROU"]
[SourceTitle "playchess.com"]
[Source "ChessBase"]
[SourceQuality "1"]
[TimeControl "40/5400+30:900+30"]

1. e4 c5 2. Nf3 e6 3. d4 cxd4 4. Nxd4 Nf6 5. Nc3 d6 6. g4 h6 7. Be3 Nc6 8. Rg1 a6 9. Qe2 Qc7 10. O-O-O Be7 11. f4 Nxd4 12. Bxd4 e5 13. Be3 exf4 14. Bxf4 Be6 15. Nd5 Bxd5 16. exd5 Rc8 17. h4 Nd7 $16 18. Rg3 Kf8 19. Rc3 Qd8 20. Rxc8 Qxc8 21. Re1 Qd8 22. Bg2 g5 23. Bh2 gxh4 24. Kb1 Nc5 25. Qf3 Bf6 26. Rf1 Kg7 27. Qf4 Re8 28. Qxd6 Qxd6 29. Bxd6 Na4 30. Bc7 Re2 31. Bf3 Re3 32. Bf4 Re8 33. c3 b5 34. d6 Nb6 35. Bc6 Re2 36. d7 Bd8 37. Bb7 Nc4 38. b3 Nd2+ 39. Bxd2 Rxd2 40. Bxa6 Rxd7 41. Bxb5 Rd2 42. a4 h3 43. Bc6 h2 44. b4 Bf6 45. Rc1 Rd3 46. Kb2 Rg3 47. a5 Rxg4 48. a6 Rxb4+ 49. Kc2 Rc4 50. a7 Rxc6 51. a8=Q Rxc3+ 52. Kd2 Rxc1 53. Kxc1 Be5 54. Qf3 Kg6 55. Qg4+ Kf6 56. Qh5 Ke7 57. Qxe5+ 1-0

[Event "Romanian-ch Women 2022"]
[Site "Eforie Nord"]
[Date "2022.02.26"]
[Round "8.5"]
[White "Didiliuc, Dariana-Gabriela"]
[Black "Panainte, Andreea-Bianca"]
[Result "0-1"]
[ECO "E32"]
[WhiteElo "1841"]
[BlackElo "1865"]
[Annotator "NA"]
[PlyCount "98"]
[EventDate "2022.02.20"]
[EventType "swiss"]
[EventCountry "ROU"]
[SourceTitle "playchess.com"]
[Source "ChessBase"]
[SourceQuality "1"]
[TimeControl "40/5400+30:900+30"]

1. d4 Nf6 2. c4 e6 3. Nc3 Bb4 4. Qc2 O-O 5. Nf3 d6 6. e4 e5 7. Bd3 Re8 8. d5 Nbd7 9. O-O Bxc3 10. Qxc3 Nc5 11. Qc2 Bg4 12. Ne1 a5 13. b3 h6 14. f3 Bd7 15. Be3 b6 16. Be2 Nh5 17. Nd3 Nxd3 18. Bxd3 Qf6 19. Rfd1 Nf4 20. Bf1 Qg6 21. Kh1 Rf8 22. a3 f5 23. b4 fxe4 24. fxe4 Bg4 25. Rdb1 Rf6 26. c5 Nxd5 27. Qc4 Be6 28. exd5 b5 29. Qb3 Bf5 30. Rb2 Raf8 31. Bxb5 Be4 32. Rg1 Rf5 33. Bd3 Rh5 34. Bxe4 Rxh2+ 35. Kxh2 Qh5+ 36. Kg3 g5 37. Bxg5 hxg5 38. Bf5 Qh4+ 39. Kf3 Rxf5+ 40. Ke2 Qf2+ 41. Kd3 Qd4+ 42. Kc2 Qxg1 43. Qh3 Rf2+ 44. Kb3 Qd1+ 45. Ka2 Qxd5+ 46. Qb3 Qxb3+ 47. Kxb3 a4+ 48. Kc3 Rxb2 49. cxd6 Rb3+ 0-1

[Event "Romanian-ch Women 2022"]
[Site "Eforie Nord"]
[Date "2022.02.26"]
[Round "8.6"]
[White "Dragomirescu, Angela"]
[Black "Nikanova, Ekaterina"]
[Result "1/2-1/2"]
[ECO "A46"]
[WhiteElo "2167"]
[BlackElo "1935"]
[Annotator "NA"]
[PlyCount "93"]
[EventDate "2022.02.20"]
[EventType "swiss"]
[EventCountry "ROU"]
[SourceTitle "playchess.com"]
[Source "ChessBase"]
[SourceQuality "1"]
[TimeControl "40/5400+30:900+30"]

1. d4 Nf6 2. Nf3 e6 3. g3 b5 4. Bg2 Bb7 5. O-O c5 6. Bg5 cxd4 7. Nxd4 Bxg2 8. Kxg2 Nc6 9. Nxb5 Rb8 10. c4 a6 11. Nd4 Qb6 12. Nb3 Ne5 13. N1d2 Nxc4 14. Nxc4 Qc6+ 15. Kg1 Qxc4 16. Bf4 Rd8 17. Rc1 Qd5 18. Bc7 Qxd1 19. Rfxd1 Ra8 20. Be5 Be7 21. Rc7 O-O 22. Bxf6 Bxf6 23. Rdxd7 Bxb2 24. Ra7 f5 25. e3 Rfc8 26. Rxa8 Rxa8 27. Re7 e5 28. Rb7 Ba3 29. Na5 e4 30. h4 Bf8 31. Nb3 g6 32. Kf1 a5 33. a4 Bb4 34. Rb5 Kg7 35. h5 Kh6 36. hxg6 hxg6 37. Kg2 Ra6 38. f3 exf3+ 39. Kxf3 Kg7 40. Rb7+ Kf6 41. Rb5 Kg7 42. Rd5 Kf6 43. Rb5 Kg7 44. Rb7+ Kf6 45. Rb5 Kg7 46. Rd5 Kf6 47. Rb5 1/2-1/2

[Event "Romanian-ch Women 2022"]
[Site "Eforie Nord"]
[Date "2022.02.26"]
[Round "8.7"]
[White "Cosman, Andreea-Marioara"]
[Black "Schiopu, Oana-Magdalena"]
[Result "1-0"]
[ECO "E51"]
[WhiteElo "2127"]
[BlackElo "1534"]
[Annotator "ChessBase"]
[PlyCount "81"]
[EventDate "2022.02.20"]
[EventType "swiss"]
[EventCountry "ROU"]
[SourceTitle "playchess.com"]
[Source "ChessBase"]
[SourceQuality "1"]
[TimeControl "40/5400+30:900+30"]

1. d4 Nf6 2. c4 e6 3. Nc3 Bb4 4. Bd2 O-O 5. e3 d5 6. Nf3 b6 7. cxd5 exd5 8. Rc1 Bf5 9. Ne5 a6 10. Be2 Re8 11. O-O Bd6 12. f4 Nbd7 13. Be1 c5 14. Bh4 Qb8 15. g4 Bg6 16. Bxf6 Nxf6 17. f5 Bxe5 18. dxe5 Qxe5 19. fxg6 Qxe3+ 20. Kh1 hxg6 21. Bf3 Rad8 22. Nxd5 Qg5 23. Nxf6+ gxf6 24. Qa4 Re3 25. Rcd1 Rxd1 26. Qxd1 Kg7 27. Qd6 Re6 28. Qg3 Qe5 29. Qxe5 fxe5 30. Bd5 Re7 31. g5 Rd7 32. Bc6 Rd6 33. Be8 f5 34. gxf6+ Rxf6 35. Rxf6 Kxf6 36. Kg2 b5 37. Kf3 b4 38. b3 Kf5 39. Bd7+ Kf6 40. Ke4 Ke7 41. Bc8 1-0

[Event "Romanian-ch Women 2022"]
[Site "Eforie Nord"]
[Date "2022.02.26"]
[Round "8.8"]
[White "Hoanca, Alexia-Ioana"]
[Black "Obada, Ema"]
[Result "1-0"]
[ECO "A08"]
[WhiteElo "1710"]
[BlackElo "2010"]
[Annotator "NA"]
[PlyCount "57"]
[EventDate "2022.02.20"]
[EventType "swiss"]
[EventCountry "ROU"]
[SourceTitle "playchess.com"]
[Source "ChessBase"]
[SourceQuality "1"]
[TimeControl "40/5400+30:900+30"]

1. e4 e6 2. d3 d5 3. Nd2 c5 4. Ngf3 Nc6 5. g3 Bd6 6. Bg2 Nge7 7. O-O O-O 8. Nh4 b6 9. f4 dxe4 10. dxe4 Ba6 11. Re1 Bc7 12. c3 Bd3 13. Qh5 Qd7 14. Ndf3 c4 15. g4 f5 16. gxf5 exf5 17. e5 h6 18. Ng6 Nxg6 19. Qxg6 Ne7 20. Qh5 Be4 21. Rxe4 fxe4 22. Nd4 Nc6 23. Bh3 Qe8 24. Qxe8 Raxe8 25. Nxc6 b5 26. Be3 g5 27. Bd7 Ra8 28. f5 a5 29. Bc5 1-0

[Event "Romanian-ch Women 2022"]
[Site "Eforie Nord"]
[Date "2022.02.26"]
[Round "8.9"]
[White "Batagan, Ilinca-Petra"]
[Black "Bucur, Denisa-Andreea"]
[Result "1/2-1/2"]
[ECO "C01"]
[WhiteElo "1881"]
[BlackElo "2023"]
[Annotator "NA"]
[PlyCount "47"]
[EventDate "2022.02.20"]
[EventType "swiss"]
[EventCountry "ROU"]
[SourceTitle "playchess.com"]
[Source "ChessBase"]
[SourceQuality "1"]
[TimeControl "40/5400+30:900+30"]

1. e4 e6 2. d4 d5 3. exd5 exd5 4. c4 Nf6 5. Nf3 Bg4 6. Be2 dxc4 7. Bxc4 Bb4+ 8. Bd2 Qe7+ 9. Qe2 Qxe2+ 10. Kxe2 Bxd2 11. Nbxd2 O-O 12. Rhe1 Nc6 13. Nb3 Rad8 14. Rad1 Nb4 15. Kf1 Nbd5 16. Nc5 b6 17. Ne4 Bxf3 18. Nxf6+ Nxf6 19. gxf3 Rd7 20. Bb5 Rd5 21. a4 Rh5 22. Re7 Nd5 23. Re5 g6 24. Rxh5 1/2-1/2

[Event "Romanian-ch Women 2022"]
[Site "Eforie Nord"]
[Date "2022.02.26"]
[Round "8.10"]
[White "Trifoi, Mihaela-Ioana"]
[Black "Schiopu, Andreea-Alexandra"]
[Result "1/2-1/2"]
[ECO "B13"]
[WhiteElo "1893"]
[BlackElo "1733"]
[Annotator "NA"]
[PlyCount "92"]
[EventDate "2022.02.20"]
[EventType "swiss"]
[EventCountry "ROU"]
[SourceTitle "playchess.com"]
[Source "ChessBase"]
[SourceQuality "1"]
[TimeControl "40/5400+30:900+30"]

1. e4 c6 2. d4 d5 3. exd5 cxd5 4. Bd3 Nc6 5. c3 Nf6 6. Bf4 Bg4 7. Qb3 Qd7 8. Nd2 e6 9. Ngf3 Bd6 10. Bxd6 Qxd6 11. O-O O-O 12. Rfe1 Qc7 13. Qc2 Rfc8 14. Qb1 Ne7 15. Ne5 Bf5 16. h3 b5 17. a3 a5 18. g4 Bxd3 19. Qxd3 b4 20. axb4 axb4 21. Rxa8 Rxa8 22. cxb4 Qb7 23. Qf3 Nc6 24. Nxc6 Qxc6 25. Qc3 Qb7 26. Rc1 Rb8 27. Ra1 h6 28. Ra4 Rc8 29. Qd3 Rc1+ 30. Kg2 Ne4 31. Nb3 Rc4 32. f3 Nf6 33. Nc5 Qb8 34. b5 Qxb5 35. b3 Rxc5 36. Ra8+ Ne8 37. Rxe8+ Qxe8 38. dxc5 Qc6 39. b4 Kf8 40. Qc3 f6 41. Qc2 Ke7 42. Qa2 Qb5 43. Qa7+ Kf8 44. Qb6 Qe2+ 45. Kg3 Qe1+ 46. Kg2 Qe2+ 1/2-1/2

[Event "Romanian-ch Women 2022"]
[Site "Eforie Nord"]
[Date "2022.02.26"]
[Round "8.11"]
[White "Marin, Irina-Luiza"]
[Black "Matasaru, Stephanie"]
[Result "1-0"]
[ECO "A36"]
[WhiteElo "2058"]
[BlackElo "1861"]
[Annotator "ChessBase"]
[PlyCount "77"]
[EventDate "2022.02.20"]
[EventType "swiss"]
[EventCountry "ROU"]
[SourceTitle "playchess.com"]
[Source "ChessBase"]
[SourceQuality "1"]
[TimeControl "40/5400+30:900+30"]

1. c4 c5 2. g3 g6 3. Bg2 Bg7 4. Nc3 Nc6 5. e4 d6 6. Nge2 Nf6 7. O-O O-O 8. d3 Rb8 9. h3 a6 10. a4 Ne8 11. Be3 Nd4 12. Rb1 Bd7 13. b4 Nc7 14. b5 axb5 15. axb5 e6 16. Qd2 b6 17. Bg5 Qc8 18. Be7 Re8 19. Bxd6 e5 20. Bxc7 Qxc7 21. Nxd4 exd4 22. Nd5 Qd8 23. f4 f6 24. Ra1 Be6 25. Ra7 Bxd5 26. cxd5 Ra8 27. Rfa1 Rxa7 28. Rxa7 Qd6 29. h4 Bh6 30. Qa2 Bf8 31. Bh3 Kh8 32. Rd7 Qb8 33. d6 Rd8 34. Qf7 Rxd7 35. Bxd7 Qd8 36. e5 fxe5 37. fxe5 c4 38. Be6 Bg7 39. d7 1-0

[Event "Romanian-ch Women 2022"]
[Site "Eforie Nord"]
[Date "2022.02.26"]
[Round "8.12"]
[White "Anghel, Maria"]
[Black "Lolici, Iselin-Amanda"]
[Result "1-0"]
[ECO "E67"]
[WhiteElo "1834"]
[BlackElo "1907"]
[Annotator "NA"]
[PlyCount "87"]
[EventDate "2022.02.20"]
[EventType "swiss"]
[EventCountry "ROU"]
[SourceTitle "playchess.com"]
[Source "ChessBase"]
[SourceQuality "1"]
[TimeControl "40/5400+30:900+30"]

1. d4 g6 2. Nf3 Bg7 3. c4 d6 4. g3 Nf6 5. Bg2 O-O 6. O-O Nbd7 7. Nc3 c6 8. e4 Qc7 9. h3 Rb8 10. Re1 Rd8 11. Qe2 e5 12. Be3 Nf8 13. dxe5 dxe5 14. Nxe5 Nxe4 15. Nxe4 Bxe5 16. Bg5 Re8 17. Bf4 Nd7 18. Nf6+ Nxf6 19. Bxe5 Qe7 20. Qd2 Be6 21. Bxb8 Rxb8 22. Qf4 Rf8 23. Rad1 Kg7 24. Qe5 Qb4 25. g4 h6 26. f4 Qxc4 27. g5 hxg5 28. fxg5 Qxa2 29. Qxf6+ Kg8 30. Re4 Qb3 31. Bf3 Bd5 32. Rh4 Qe3+ 33. Kg2 Bxf3+ 34. Qxf3 Qxg5+ 35. Qg4 Qxg4+ 36. Rxg4 Re8 37. Kf3 Re5 38. Rd7 Rb5 39. b4 a6 40. Rf4 f5 41. Rfd4 g5 42. Rc7 Rd5 43. Rxd5 cxd5 44. Rxb7 1-0

[Event "Romanian-ch Women 2022"]
[Site "Eforie Nord"]
[Date "2022.02.27"]
[Round "9.3"]
[White "Lehaci, Miruna-Daria"]
[Black "Hoanca, Alexia-Ioana"]
[Result "1-0"]
[ECO "B13"]
[WhiteElo "2125"]
[BlackElo "1710"]
[Annotator "ChessBase"]
[PlyCount "119"]
[EventDate "2022.02.20"]
[EventType "swiss"]
[EventCountry "ROU"]
[SourceTitle "playchess.com"]
[Source "ChessBase"]
[SourceQuality "1"]
[TimeControl "40/5400+30:900+30"]

1. e4 c6 2. d4 d5 3. exd5 cxd5 4. Bf4 Nc6 5. c3 Nf6 6. Nd2 Bg4 7. Qb3 Qc8 8. Ngf3 e6 9. Bd3 Be7 10. O-O O-O 11. Ne5 Bh5 12. Qc2 Bg6 13. Nxg6 hxg6 14. Nf3 Qd8 15. Rae1 Bd6 16. Bxd6 Qxd6 17. Ne5 Nd7 18. f4 Rab8 19. Re3 b5 20. Rh3 Ne7 21. a3 a5 22. b4 axb4 23. axb4 Rfc8 24. Qd2 Qc7 25. Bb1 Ra8 26. Qe2 Nxe5 27. fxe5 Ra3 28. Qf2 Nf5 29. Bxf5 gxf5 30. Qh4 Kf8 31. Qh8+ Ke7 32. Qxg7 Rf8 33. Qg3 Qc4 34. Rc1 Raa8 35. Qg5+ Kd7 36. Rf3 Rg8 37. Qe3 Rg4 38. Rf2 Rc8 39. Rfc2 Re4 40. Qf2 Ra8 41. Qd2 Rg4 42. Re1 Rag8 43. Re2 f4 44. Rf2 Qb3 45. Rb2 Qc4 46. Ra2 f3 47. g3 Qb3 48. Rxf3 f5 49. exf6 Qb1+ 50. Kg2 Rh4 51. Rf4 Rxf4 52. Ra7+ Kc6 53. Qxf4 Qc2+ 54. Qf2 Qe4+ 55. Kg1 Rg5 56. Ra6+ Kb7 57. Ra2 Rf5 58. Qe2 Qb1+ 59. Kg2 Rxf6 60. Qxb5+ 1-0

[Event "Romanian-ch Women 2022"]
[Site "Eforie Nord"]
[Date "2022.02.27"]
[Round "9.8"]
[White "Schiopu, Oana-Magdalena"]
[Black "Marin, Irina-Luiza"]
[Result "0-1"]
[ECO "B15"]
[WhiteElo "1534"]
[BlackElo "2058"]
[Annotator "NA"]
[PlyCount "94"]
[EventDate "2022.02.20"]
[EventType "swiss"]
[EventCountry "ROU"]
[SourceTitle "playchess.com"]
[Source "ChessBase"]
[SourceQuality "1"]
[TimeControl "40/5400+30:900+30"]

1. e4 c6 2. d4 d5 3. Nc3 g6 4. Nf3 Bg7 5. Bf4 Bg4 6. e5 Qb6 7. b3 Bxf3 8. gxf3 e6 9. Qd2 Nd7 10. h4 h5 11. Bg5 Nh6 12. Bh3 c5 13. Na4 Qc7 14. c3 cxd4 15. cxd4 Nxe5 16. Ke2 Nc6 17. Be3 Rc8 18. Rac1 Nf5 19. Bxf5 exf5 20. Kf1 O-O 21. Kg2 Qe7 22. Nc3 Qd7 23. Ne2 Kh7 24. Rh3 Ne7 25. Rhh1 Rxc1 26. Rxc1 Rc8 27. Rxc8 Qxc8 28. Qb4 Qd7 29. Qc5 b6 30. Qc2 f4 31. Nxf4 Nf5 32. Kf1 Nxh4 33. Ke2 Nf5 34. Qd3 h4 35. Nh3 Nxd4+ 36. Bxd4 Qxh3 37. Bxg7 Kxg7 38. Qd4+ Kh7 39. Kd2 Qxf3 40. Qxh4+ Kg7 41. Qd4+ f6 42. Kc1 Qe4 43. Qd2 g5 44. Kb2 a5 45. Kc1 Kg6 46. Kb2 Kf5 47. Kc1 Qf4 0-1

[Event "Romanian-ch Women 2022"]
[Site "Eforie Nord"]
[Date "2022.02.27"]
[Round "9.9"]
[White "Bucur, Denisa-Andreea"]
[Black "Trifoi, Mihaela-Ioana"]
[Result "1/2-1/2"]
[ECO "D35"]
[WhiteElo "2023"]
[BlackElo "1893"]
[Annotator "ChessBase"]
[PlyCount "134"]
[EventDate "2022.02.20"]
[EventType "swiss"]
[EventCountry "ROU"]
[SourceTitle "playchess.com"]
[Source "ChessBase"]
[SourceQuality "1"]
[TimeControl "40/5400+30:900+30"]

1. d4 d5 2. c4 e6 3. Nc3 Nf6 4. Nf3 Be7 5. Bf4 O-O 6. e3 c6 7. Qc2 Nbd7 8. cxd5 exd5 9. Bd3 Re8 10. O-O Nf8 11. h3 Ng6 12. Bh2 Bd6 13. Bxd6 Qxd6 14. Rab1 Be6 15. b4 a6 16. Na4 Ne4 17. Nc5 Qe7 18. a4 Bc8 19. b5 cxb5 20. axb5 Ng5 21. Nxg5 Qxg5 22. Kh2 Qh5 23. Qd1 Qxd1 24. Rfxd1 axb5 25. Bxb5 Re7 26. Ra1 Rb8 27. Rdc1 b6 28. Na6 Bxa6 29. Rxa6 Re6 30. Rc7 Re7 31. Raa7 Rxc7 32. Rxc7 Kf8 33. Kg3 Ne7 34. h4 f6 35. Kf4 Kf7 36. g4 Ke6 37. f3 f5 38. Ra7 fxg4 39. Kxg4 Rd8 40. Rb7 Rd6 41. h5 Kf6 42. Bd3 h6 43. Rb8 Kf7 44. Bb5 g6 45. Be8+ Kg7 46. hxg6 Nxg6 47. Rb7+ Kg8 48. Bf7+ Kf8 49. Bxg6 Rxg6+ 50. Kf5 Rg3 51. Kf4 Rg6 52. Ke5 Rg5+ 53. Kf6 Kg8 54. Rxb6 Rg3 55. Ke5 Rxf3 56. Rxh6 Rxe3+ 57. Kxd5 Kf7 58. Kd6 Ra3 59. Rh7+ Ke8 60. d5 Ra6+ 61. Ke5 Kd8 62. Rg7 Rb6 63. d6 Rb1 64. Ke6 Re1+ 65. Kd5 Rd1+ 66. Ke6 Re1+ 67. Kd5 Rd1+ 1/2-1/2

[Event "Romanian-ch Women 2022"]
[Site "Eforie Nord"]
[Date "2022.02.27"]
[Round "9.10"]
[White "Obada, Ema"]
[Black "Batagan, Ilinca-Petra"]
[Result "1-0"]
[ECO "B52"]
[WhiteElo "2010"]
[BlackElo "1881"]
[Annotator "NA"]
[PlyCount "91"]
[EventDate "2022.02.20"]
[EventType "swiss"]
[EventCountry "ROU"]
[SourceTitle "playchess.com"]
[Source "ChessBase"]
[SourceQuality "1"]
[TimeControl "40/5400+30:900+30"]

1. e4 c5 2. Nf3 d6 3. Bb5+ Bd7 4. Bxd7+ Qxd7 5. c4 Nf6 6. Nc3 g6 7. d4 cxd4 8. Nxd4 Bg7 9. f3 O-O 10. Be3 Rc8 11. b3 a6 12. Rc1 Nc6 13. Na4 Qd8 14. Ne2 Nd7 15. O-O b5 16. cxb5 axb5 17. Nac3 Rab8 18. Qd2 Nc5 19. Rfd1 Ne5 20. Nd5 Ned3 21. Rc2 e6 22. Ndf4 Nxf4 23. Nxf4 Nb7 24. Rxc8 Rxc8 25. Ne2 Qe8 26. Kf2 Qc6 27. Rc1 Qd7 28. Rxc8+ Qxc8 29. Qb4 Qc6 30. a4 bxa4 31. Qxa4 Qc8 32. b4 h5 33. Qa6 Kh7 34. b5 Qc7 35. Qc6 Qb8 36. b6 Qa8 37. Bg5 Qa5 38. Qxb7 Qxg5 39. Qxf7 Qc5+ 40. Kg3 Qe5+ 41. Kh3 d5 42. Nf4 d4 43. Nxe6 Qf6 44. Qxf6 Bxf6 45. b7 Be5 46. Nxd4 1-0

[Event "Romanian-ch Women 2022"]
[Site "Eforie Nord"]
[Date "2022.02.27"]
[Round "9.11"]
[White "Schiopu, Andreea-Alexandra"]
[Black "Anghel, Maria"]
[Result "0-1"]
[ECO "D11"]
[WhiteElo "1733"]
[BlackElo "1834"]
[Annotator "NA"]
[PlyCount "98"]
[EventDate "2022.02.20"]
[EventType "swiss"]
[EventCountry "ROU"]
[SourceTitle "playchess.com"]
[Source "ChessBase"]
[SourceQuality "1"]
[TimeControl "40/5400+30:900+30"]

1. Nf3 d5 2. d4 Nf6 3. g3 c6 4. c4 Bg4 5. Bg2 e6 6. Qb3 Qb6 7. c5 Qa6 8. Qd1 b6 9. b4 Nbd7 10. O-O Be7 11. Re1 O-O 12. Nbd2 Qb7 13. Qb3 Rfb8 14. h3 Bxf3 15. Bxf3 a5 16. bxa5 bxc5 17. Ba3 Rxa5 18. Qxb7 Rxb7 19. Bxc5 Bxc5 20. dxc5 Nxc5 21. Rec1 g6 22. Rc2 Rba7 23. a3 Nfd7 24. Rc3 e5 25. Rac1 e4 26. Bg2 Rxa3 27. Rxc5 Nxc5 28. Rxc5 Ra2 29. Nxe4 dxe4 30. Bxe4 Rxe2 31. Bxc6 Ra1+ 32. Kg2 Raa2 33. Bd5 Rxf2+ 34. Kg1 Rfc2 35. Rxc2 Rxc2 36. Be4 Re2 37. Bf3 Rb2 38. Kf1 f5 39. Be2 Kg7 40. Kf2 g5 41. Kf3 Kf6 42. Bc4 g4+ 43. hxg4 fxg4+ 44. Ke3 Kg5 45. Be2 h5 46. Kf2 h4 47. gxh4+ Kxh4 48. Kf1 Kg3 49. Bc4 Kh2 0-1

[Event "Romanian-ch Women 2022"]
[Site "Eforie Nord"]
[Date "2022.02.27"]
[Round "9.12"]
[White "Pitigoi, Sabina-Andreea"]
[Black "Pirvan, Maria"]
[Result "1/2-1/2"]
[ECO "D32"]
[WhiteElo "1766"]
[BlackElo "1627"]
[Annotator "NA"]
[PlyCount "95"]
[EventDate "2022.02.20"]
[EventType "swiss"]
[EventCountry "ROU"]
[SourceTitle "playchess.com"]
[Source "ChessBase"]
[SourceQuality "1"]
[TimeControl "40/5400+30:900+30"]

1. c4 c5 2. Nc3 e6 3. Nf3 d5 4. cxd5 exd5 5. d4 Nc6 6. e3 Nf6 7. Be2 Be7 8. dxc5 Bxc5 9. O-O O-O 10. a3 a5 11. Nb5 Bg4 12. Nbd4 Nxd4 13. Nxd4 Bxe2 14. Nxe2 Qd6 15. b3 Rfd8 16. Bb2 Ng4 17. Ng3 Qg6 18. Bd4 Bd6 19. Qf3 Be5 20. Rfd1 Bxd4 21. Rxd4 Ne5 22. Qf4 Nc6 23. Rd2 f6 24. Rad1 Qf7 25. Qf3 Ne5 26. Qe2 Qe7 27. Qb5 Qxa3 28. Rxd5 Nf7 29. Qxb7 Rdb8 30. Qc6 Qxb3 31. R5d3 Qb4 32. Rd7 Qf8 33. Qe6 a4 34. Nf5 a3 35. Nd6 a2 36. Rxf7 Qxd6 37. Rf8+ Kxf8 38. Qxd6+ Kg8 39. Qd5+ Kh8 40. h3 a1=Q 41. Rxa1 Rxa1+ 42. Kh2 Rab1 43. f4 R1b4 44. e4 Re8 45. e5 fxe5 46. fxe5 Rb6 47. Qf7 Rbe6 48. Qf4 1/2-1/2